 Dungeon Crawl Stone Soup version 0.25-a0-992-gca090100c3 (webtiles) character file.

Game seed: 8994809279056819254, levelgen mode: deterministic

5016 Flugslaktarn the Slicer (level 10, 0/90 HPs)
             Began as a Minotaur Fighter on May 10, 2020.
             Was a Believer of Uskayaw.
             Slain by a killer bee (5 damage)
             ... on level 9 of the Dungeon.
             The game lasted 00:03:15 (6903 turns).

Flugslaktarn the Slicer (Minotaur Fighter)          Turns: 6903, Time: 00:03:16

Health: 0/90       AC: 15    Str: 18 (20) XL:     10   Next: 30%
Magic:  13/13      EV:  4    Int:  4 (5)  God:    Uskayaw [**....]
Gold:   430        SH:  0    Dex: 11 (14) Spells: 9/9 levels left

rFire    . . .     SeeInvis .   a - +0 rapier
rCold    . . .     Gourm    .   c - +0 kite shield
rNeg     . . .     Faith    .   l - +0 plate armour
rPois    .         Spirit   .   (helmet restricted)
rElec    .         Reflect  .   u - +0 cloak
rCorr    .         Harm     .   (no gloves)
MR       .....                  (no boots)
Stlth    ..........             (no amulet)
HPRegen  0.25/turn              (no ring)
MPRegen  0.13/turn              (no ring)

@: confused, lethally poisoned (0 -> -24), very slightly contaminated, invisible
A: retaliatory headbutt, horns 2
a: Stomp, Line Pass, Renounce Religion


You were on level 9 of the Dungeon.
You worshipped Uskayaw.
Uskayaw was noncommittal.
You were not hungry.

You visited 2 branches of the dungeon, and saw 10 of its levels.

You collected 430 gold pieces.

Inventory:

Hand Weapons
 a - a +0 rapier (weapon)
Armour
 b - a +0 scale mail
 c - a +0 kite shield (worn)
 l - a +0 plate armour (worn)
   (You found it on level 5 of the Dungeon)
 u - a +0 cloak (worn)
   (You found it on level 6 of the Dungeon)
Jewellery
 i - an uncursed ring of ice {unknown}
   (You found it on level 3 of the Dungeon)
 m - a +5 ring of strength {unknown}
   (You found it on level 5 of the Dungeon)
Scrolls
 f - a scroll of teleportation {unknown}
 g - a scroll of fog {unknown}
 j - a scroll of magic mapping
 k - 3 scrolls of identify {unknown}
 o - 2 scrolls of blinking {unknown}
 p - a scroll of remove curse {unknown}
 q - 2 scrolls of amnesia {unknown}
 r - 3 scrolls of enchant weapon {unknown}
 v - a scroll of enchant armour {unknown}
 y - a scroll of noise {unknown}
 A - 3 scrolls of summoning {unknown}
Potions
 d - a potion of might
 h - a potion of resistance {unknown}
 n - 2 potions of degeneration
 t - a potion of lignification {unknown}
 x - a potion of invisibility
Comestibles
 e - 4 rations
 z - 3 chunks of flesh


   Skills:
 + Level 8.4 Fighting
 * Level 10.1 Short Blades
 + Level 8.4 Armour
 + Level 8.3 Shields
 + Level 5.6 Invocations


You had 9 spell levels left.
You didn't know any spells.
Your spell library was empty.

Dungeon Overview and Level Annotations

Branches:
Dungeon (9/15)             Temple (1/1) D:5
   Lair: D:8-11         Orc: D:9-12

Altars:
Dithmenos
Elyvilon
Fedhas
Hepliaklqana
Kikubaaqudgha
Makhleb
Nemelex Xobeh
Okawaru
Qazlal
Ru
Sif Muna
Trog
Uskayaw
Vehumet
Wu Jian
Xom
Yredelemnul
Zin
The Shining One

Shops:
D:6 }

Annotations:
D:7 3 runed translucent doors, Flugslaktarn's ghost, amateur MiFi


Innate Abilities, Weirdness & Mutations

You reflexively headbutt those who attack you in melee.
You have a pair of horns on your head.


Message History

You block the killer bee's attack. x2; The killer bee barely misses you.
You can now pass through a line of other dancers.
Unknown command.
You miss the killer bee.
The killer bee is moderately wounded.
* * * LOW HITPOINT WARNING * * *
You feel sick. The killer bee stings you.
* * * LOW HITPOINT WARNING * * *
You are more poisoned.
The killer bee poisons you! You block the killer bee's attack.
The killer bee stings you but does no damage.
You block the killer bee's attack. The killer bee stings you.
* * * LOW HITPOINT WARNING * * *
The killer bee barely misses you.
It was a potion of ambrosia.
You are confused.
You feel invigorated.
* * * LOW HITPOINT WARNING * * *
You feel sick. The killer bee stings you.
You die...

.#
#.#+##..#....รท##....#
##
#.......#...........#
#
#.......+.....#######
#...##.###....# ...
##..##.###....##...
#...#..............
#...#.......(......
#...#.....yy.(...(.
#...#.....@y.......
##..##..###y[.####
##..##..###...####
#........#(......#
#........#.......#
#...##...##.....##
#...#######.....#
##..# #.....# #..#
......#


You could see 4 killer bees.

Vanquished Creatures
  Maggie (D:9)
  A troll (D:9)
  A hippogriff (D:8)
  6 yaks (D:9)
  3 hungry ghosts
  5 ice beasts
  4 orc warriors
  2 sky beasts
  2 ogres (D:8)
  3 phantoms
  4 centaurs
  2 bullfrogs (D:8)
  A wyvern skeleton (D:9)
  2 scorpions
  2 killer bees (D:9)
  2 howler monkeys
  2 crimson imps
  A centaur zombie (D:9)
  A hound (D:9)
  2 jellies
  3 orc priests (D:6)
  8 orc wizards
  A centaur skeleton (D:9)
  An iguana (D:6)
  6 worker ants
  A hound skeleton (D:6)
  A worker ant zombie (D:5)
  3 gnolls (D:9)
  8 adders
  3 shadow imps
  2 oozes
  An adder zombie (D:7)
  2 worms
  8 leopard geckos
  21 orcs
  3 bats
  A giant cockroach (D:2)
  A hobgoblin (D:3)
  2 jackals (D:7)
  10 quokkas
  2 goblins
  5 kobolds
  A leopard gecko skeleton (D:5)
  A leopard gecko zombie (D:8)
  2 quokka skeletons
  A quokka zombie (D:5)
  5 rats
150 creatures vanquished.

Notes
Turn   | Place    | Note
-------+----------+-------------------------------------------
     0 | D:1      | Flugslaktarn the Minotaur Fighter began the quest for the
                  | Orb.
     0 | D:1      | Reached XP level 1. HP: 19/19 MP: 0/0
    59 | D:2      | Found a radiant altar of Vehumet.
    82 | D:2      | Found a hazy altar of Hepliaklqana.
   128 | D:2      | Reached XP level 2. HP: 27/27 MP: 1/1
   366 | D:3      | Reached skill level 3 in Short Blades
   367 | D:3      | Reached XP level 3. HP: 19/33 MP: 2/2
   432 | D:3      | Noticed an ice beast
   438 | D:3      | Killed an ice beast
   438 | D:3      | Reached skill level 4 in Short Blades
   438 | D:3      | Reached XP level 4. HP: 17/41 MP: 3/3
   438 | D:3      | Reached XP level 5. HP: 20/47 MP: 4/4
   821 | D:5      | Entered Level 5 of the Dungeon
   866 | D:5      | Found a staircase to the Ecumenical Temple.
   927 | Temple   | Entered the Ecumenical Temple
  1071 | Temple   | Became a worshipper of Uskayaw the Reveler
  1111 | D:5      | Found a sacrificial altar of Ru.
  1139 | D:5      | Noticed a centaur
  1143 | D:5      | Reached * piety under Uskayaw
  1144 | D:5      | Killed a centaur
  1144 | D:5      | Reached skill level 5 in Armour
  1144 | D:5      | Reached XP level 6. HP: 55/55 MP: 5/5
  1144 | D:5      | Reached ** piety under Uskayaw
  1153 | D:5      | Reached *** piety under Uskayaw
  1258 | D:5      | Reached skill level 5 in Fighting
  1445 | D:5      | Found a blossoming altar of Fedhas.
  1445 | D:5      | Found a glowing silver altar of Zin.
  1527 | D:5      | Reached skill level 5 in Short Blades
  1527 | D:5      | Reached skill level 5 in Shields
  1553 | D:5      | Reached skill level 1 in Invocations
  1782 | D:6      | Noticed a sky beast
  1843 | D:6      | Killed a sky beast
  1843 | D:6      | Reached XP level 7. HP: 36/61 MP: 5/7
  2121 | D:6      | Reached **** piety under Uskayaw
  2275 | D:6      | Reached skill level 6 in Short Blades
  2725 | D:6      | Reached XP level 8. HP: 47/70 MP: 8/8
  2976 | D:6      | Found Ganilov's Gadget Shoppe.
  3051 | D:6      | Reached skill level 7 in Short Blades
  3200 | D:6      | Found a white marble altar of Elyvilon.
  3200 | D:6      | Found an ornate altar of the Wu Jian Council.
  3275 | D:6      | Noticed a moth of wrath
  3289 | D:6      | Found a bloodstained altar of Trog.
  4123 | D:7      | Found a runed translucent gate.
  4123 | D:7      | Found a runed translucent gate.
  4123 | D:7      | Found a runed translucent gate.
  4123 | D:7      | Noticed Flugslaktarn's ghost (amateur MiFi)
  4303 | D:7      | Reached skill level 8 in Short Blades
  4387 | D:7      | Reached XP level 9. HP: 78/78 MP: 10/10
  5273 | D:8      | Found an iron altar of Okawaru.
  5637 | D:8      | Reached skill level 9 in Short Blades
  5900 | D:8      | Found the +3 robe of Clouds {+Thunder rCloud rElec}
  6144 | D:9      | Noticed a troll
  6156 | D:9      | Killed a troll
  6156 | D:9      | Reached skill level 5 in Invocations
  6381 | D:9      | Reached XP level 10. HP: 22/88 MP: 12/12
  6385 | D:9      | Reached ***** piety under Uskayaw
  6806 | D:9      | Noticed Maggie
  6822 | D:9      | Killed Maggie
  6822 | D:9      | Reached skill level 10 in Short Blades
  6902 | D:9      | HP: 3/90 [killer bee (4)]
  6903 | D:9      | Slain by a killer bee

Illustrated notes

Levels and vault maps discovered:
D:1:      minmay_arrival_four_loops, layout_basic
D:2:      layout_basic, vehumet_crystals, lemuel_crystal_altar
D:3:      layout_basic, chequers_temple_overflow_minitemple,
          nemelex_lonely_heart_becter
D:4:      layout_loops_ring, nicolae_overflow_crystal_walls
D:5:      layout_loops_cross, gammafunk_temple_overflow_wave, temple_statues,
          first_ration, basic_altar
D:6:      layout_layer_cave, gammafunk_temple_overflow_elements, serial_shops,
          shop, tgw_trog
D:7:      layout_loops_ring, gammafunk_ghost_necromancy
D:8:      layout_loops_cross, okawaru_gym_becter
D:9:      layout_gridville, grunt_pizzeria, uniq_harold, uniq_maggie
Temple:   jpeg_temple_clearing

Skill      XL: |  1  2  3  4  5  6  7  8  9 10 |
---------------+-------------------------------+-----
Short Blades   | 3 4 5 6 8 9 10 | 10.1
Armour         | 4 5 6 8 |  8.4
Fighting       | 4 5 6 8 |  8.4
Shields        | 4 5 6 8 |  8.3
Invocations    | 1 2 3 5 |  5.6

Action                   |  1- 3 |  4- 6 |  7- 9 | 10-12 || total
-------------------------+-------+-------+-------+-------++-------
Melee: Rapier            |    55 |   108 |   437 |    71 ||   671
       Headbutt          |     6 |    22 |    92 |    10 ||   130
Invok: Stomp             |       |       |       |     1 ||     1
  Use: Scroll            |       |       |     1 |       ||     1
       Potion            |       |       |       |     5 ||     5
 Stab: Paralysed         |       |       |    12 |     3 ||    15
  Eat: Chunk             |       |     2 |    14 |     5 ||    21
       Ration            |       |     1 |     1 |       ||     2
Armor: Scale mail        |    14 |    13 |       |       ||    27
       Plate armour      |       |    42 |   165 |    69 ||   276
Dodge: Dodged            |    22 |    21 |    54 |    25 ||   122
Block: Kite shield       |    29 |    48 |   174 |    64 ||   315

Table legend:
 A = Non-vault XP
 B = Vault XP
 C = Vault XP percentage of total XP
 D = Non-vault monster count
 E = Vault monster count
 F = Vault count percentage of total count
                 A         B        C        D         E       F
            +---------+---------+-------+---------+---------+-------
      Total |    6687 |     480 |   6.7 |     143 |       7 |   4.7
            +---------+---------+-------+---------+---------+-------
        D:1 |       1 |       0 |   0.0 |       1 |       0 |   0.0
        D:2 |      20 |       0 |   0.0 |       7 |       0 |   0.0
        D:3 |     212 |       0 |   0.0 |      18 |       0 |   0.0
        D:4 |      54 |       0 |   0.0 |       7 |       0 |   0.0
        D:5 |     349 |       0 |   0.0 |      16 |       0 |   0.0
        D:6 |    1816 |       9 |   0.5 |      33 |       5 |  13.2
        D:7 |     433 |       0 |   0.0 |      12 |       0 |   0.0
        D:8 |    1684 |       0 |   0.0 |      28 |       0 |   0.0
        D:9 |    2118 |     471 |  18.2 |      21 |       2 |   8.7
            +---------+---------+-------+---------+---------+-------
